amy, neutral female human Ranger ---- |..--.- ---....... |.. --- |..- ------.......... --..- --.---- --... ..............- |...----------...|.-------- ---...---- -...........-------.....)...%................ .......... |...................-----------........---------.....--- --.........----------- ---.......| ---..%%.)...---- --........|.--- --.......----..............-- |.....----|...| ---..........|.......---......| --..--- ---.--- .........I.........([.| |^....-| ---- |...| ...>.....^I....<......| |......| ---.- -....--..I.---.....-..-----....--- |.. --------.-- ---)......----.*....| --- --- --........|........ ................ ---........... ---.---.... --- --.| - amy the Trailblazer Experience level: 8 Strength: 15 Dexterity: 14 Constitution: 15 Intelligence: 14 Wisdom: 13 Charisma: 7 Health: 49(53) Energy: 47(47) Def: 19 Gold: 582 Moves: 2587 Dungeon seed: -DBKW4jil4qXx20G Game ID: amy_1464763259 Your Inventory: Coins $ - 582 gold pieces Weapons b - an uncursed +2 bow (weapon in hand) c - 54 uncursed +2 arrows d - 18 uncursed +0 arrows (in quiver) E - an uncursed +0 elven dagger J - 18 cursed -1 arrows Q - 8 cursed -3 arrows R - 14 uncursed +1 arrows T - 13 cursed +0 arrows U - 31 blessed +1 arrows W - 115 uncursed +0 arrows Armor e - an uncursed +2 cloak of displacement (being worn) q - a blessed +2 silver dragon scale mail (being worn) r - a blessed +2 pair of speed boots (being worn) Z - an uncursed +0 dwarvish iron helm (being worn) Comestibles o - 6 uncursed food rations u - an uncursed partly eaten cram ration v - an uncursed melon z - 2 uncursed eucalyptus leaves A - an uncursed fortune cookie M - 3 uncursed eggs O - an uncursed cream pie Potions f - an uncursed potion of paralysis h - an uncursed potion of speed k - a cursed potion of fruit juice t - 2 blessed potions of healing H - an uncursed potion of healing V - an uncursed potion of gain level Rings a - a blessed +0 ring of gain constitution (on left hand) Wands g - an uncursed wand of slow monster (0:3) j - an uncursed wand of cold (0:6) m - an uncursed wand of lightning (0:7) p - a cursed wand of light (0:10) w - an uncursed wand of teleportation (0:7) B - an uncursed wand of probing (0:7) F - an uncursed wand of enlightenment (0:13) X - an uncursed wand of undead turning (0:5) Y - an uncursed wand of digging (0:3) Tools l - 5 uncursed wax candles (0:400) x - an uncursed skeleton key C - a cursed magic lamp (lit) L - 6 uncursed tallow candles (0:200) S - an uncursed bag of holding Gems n - an uncursed touchstone Contents of the bag of holding: a blessed scroll of blank paper a blessed scroll of charging an uncursed scroll of charging an uncursed scroll of create monster an uncursed scroll of destroy armor an uncursed scroll of enchant armor an uncursed scroll of fire an uncursed scroll of scare monster an uncursed scroll of teleportation an uncursed potion of confusion a blessed potion of full healing an uncursed potion of healing an uncursed potion of levitation named ok an uncursed potion of object detection an uncursed potion of restore ability an uncursed potion of see invisible named cursed an uncursed potion of sickness named ok an uncursed potion of sleeping Spells and supernatural/magical abilities: Name Level Category Fail Memory W - pray for help -- divine ? -- Your skills at the end: Miscellaneous Skills wands [Basic] Weapon Skills dagger [Basic] bow [Expert] Spellcasting Skills Final Attributes: You were devoutly aligned. You had automatic searching. You were displaced. You were stealthy. You were very fast. You had reflection. You are dead. Vanquished creatures: an iron golem a wumpus a giant spider a horse an orc mummy a dwarf mummy an owlbear a dwarf lord a soldier ant a fire ant a bugbear 8 Mordor orcs an Uruk-hai 4 orc shamans 6 gnome lords 4 gnomish wizards 10 dwarves 10 hill orcs a rabid rat a werejackal a killer bee a coyote 2 hobbits an acid blob a gecko 6 hobgoblins a brown mold 2 green molds 39 gnomes 4 jackals 7 newts 3 goblins a sewer rat 3 grid bugs 2 bats 3 lichens a kobold zombie 134 creatures vanquished. Voluntary challenges: You used a wielded weapon 27 times, starting on turn 452. You did not apply a unicorn horn. You read items or engraved 7 times, starting on turn 1076. You never genocided any monsters. You never polymorphed an object. You never changed form. You used 3 wishes, starting on turn 332. You did not wish for any artifacts. You never split a pudding. You wrote Elbereth's name 3 times, starting on turn 1707. You violated your moral code, losing 1 point of alignment, starting on turn 805. Dungeon overview: The Dungeons of Doom: levels 1 to 4 Level 1 a fountain a long staircase Level 2 an altar to Mercury, some fountains Level 3 Level 4 stairs to The Gnomish Mines The Gnomish Mines: levels 5 to 12 Level 5 stairs to The Dungeons of Doom Level 6 Level 7 Level 8 some shops, a temple to Venus, a fountain Level 9 Level 10 Level 11 <- You were here Level 12 some altars to Moloch, a magic chest, a fountain History has recorded: On T:1 you entered the Dungeons of Doom to retrieve the Amulet of Yendor! On T:300 you reached level 2 of The Dungeons of Doom. On T:332 you wished for "blessed +2 silver dragon scale mail". On T:343 you wished for "2 blessed scrolls of charging". On T:356 you wished for "blessed +2 speed boots". On T:541 you reached level 3 of The Dungeons of Doom. On T:758 you advanced to experience level 2. On T:852 you reached level 4 of The Dungeons of Doom. On T:921 you advanced to experience level 3. On T:961 you reached level 1 of The Gnomish Mines. On T:1020 you advanced to experience level 4. On T:1089 you reached level 2 of The Gnomish Mines. On T:1147 you advanced to experience level 5. On T:1286 you reached level 3 of The Gnomish Mines. On T:1366 you reached level 4 of The Gnomish Mines. On T:1403 you advanced to experience level 6. On T:1428 you entered the Minetown temple On T:1571 you reached level 5 of The Gnomish Mines. On T:1630 you reached level 6 of The Gnomish Mines. On T:1683 you advanced to experience level 7. On T:1813 you reached level 7 of The Gnomish Mines. On T:2018 you advanced to experience level 8. On T:2062 you reached level 8 of The Gnomish Mines. On T:2062 you reached the bottom of the Mines. On T:2261 you opened a magic chest. On T:2300 you opened a magic chest. Score breakdown: Gold: 582 ( 58 points) Experience: 8 levels ( 700 points) Exploration: 12 levels ( 330 points) Discoveries: 15 items ( 750 points) Variety of kills: 37 monsters ( 1850 points) Major goal: reached Mine's End ( 1000 points) Survival: died (score multiplied by 3) Total score: 14064 Latest messages: The Green-elf picks up a crude spear. ó&A drops an iron skull cap. The Green-elf picks up an iron skull cap. You finish waiting. You fall down the stairs. ó&A picks up an iron skull cap. ó&A drops an iron skull cap. A gush of water hits the Green-elf! You finish waiting. The Green-elf picks up a crude dagger. A cloud of gas puts you to sleep! Something bites! Something touches you! Something bites! Something touches you! Something misses. You are slowing down. Your limbs are stiffening. Something misses. Your limbs have turned to stone. Something bites! Something misses. Something bites! Something touches you! You have turned to stone. Something misses. You are a statue. Final status: Goodbye amy the Ranger, petrified by a chickatrice, while sleeping and unable to move due to turning to stone... You turned to stone in The Gnomish Mines on dungeon level 11 with 14064 points, and 582 pieces of gold, after 2587 moves. You were level 8 with a maximum of 53 hit points when you turned to stone.